Carnivores vs Remparts
Created - March 20, 2019 at 19:39
Goals
|
Carnivores |
3 |
4 |
1 |
8 |
Remparts |
1 |
0 |
2 |
3 |
|
Shots
|
Carnivores |
12 |
11 |
10 |
33 |
Remparts |
10 |
6 |
22 |
38 |
|
1st period
1. Carnivores , Anton Gustafsson 14 (David Schlemko 19) at 3:54
2. Carnivores , Blake Geoffrion 51 (Nikita Alexeev 31) at 5:07 (PP)
3. Remparts , Guillaume Desbiens 39 (Max Reinhart 45) at 16:51 (PP)
4. Carnivores , Markus Granlund 18 (Mat Clark 18, Nikita Alexeev 32) at 17:33
Penalties :
Niklas Hansson (Que) for High sticking (Minor) at 5:01, Mattias Backman (Bre) for Tripping (Minor) at 5:24, T.J Brodie (Bre) for Holding (Minor) at 14:25, Markus Granlund (Bre) for Interference (Minor) at 16:49
2nd period
5. Carnivores , Anton Gustafsson 15 (Jeremy Welsh 32) at 2:50 (PP)
6. Carnivores , Blake Geoffrion 52 (Nikita Alexeev 33, Markus Granlund 28) at 3:27
7. Carnivores , Blake Geoffrion 53 (Nikita Alexeev 34, Markus Granlund 29) at 11:35 (PP)
8. Carnivores , Blake Geoffrion 54 (Ryan Pulock 9, Nikita Alexeev 35) at 13:31
Penalties :
Guillaume Desbiens (Que) for Hooking (Minor) at 2:12, Brandon Gormley (Que) for Holding (Minor) at 3:38, Pontus Aberg (Que) for Delaying the game (Minor) at 11:25
3rd period
9. Carnivores , Blake Geoffrion 55 (Nikita Alexeev 36, Mat Clark 19) at 1:23
10. Remparts , Daniel Paille 43 (Max Reinhart 46, Brandon Gormley 57) at 6:45 (SH)
11. Remparts , Ryan Strome 23 (Cédric Lalonde-McNicoll 29, Brandon Gormley 58) at 10:06 (PP)
Penalties :
Keaton Thompson (Que) for Hooking (Minor) at 6:39, Zack Smith (Bre) for High sticking (Minor) at 9:52, Jeremy Williams (Bre) for Hooking (Minor) at 11:31
Goalie Stats
Anders Lindback (Bre), 35 saves from 38 shots - (0.921), W, 23-19-2, 60:00 minutes
Tyler Plante (Que), 6 saves from 10 shots - (0.600), 18:33 minutes
Jason Missiaen (Que), 19 saves from 23 shots - (0.826), L, 24-17-2, 41:27 minutes
Players Stats for Carnivores
Player Name G A P +/- PIM S H SB GA TA FO MP PP MP PK MP
------------------------------------------------------------------------------------
Anton Gustafsson 2 0 2 1 0 6 3 0 0 1 12/25 21:08 2:04 3:19
Blake Geoffrion 5 0 5 3 0 9 0 1 0 0 1/1 17:43 2:46 0:00
Curtis Lazar 0 0 0 0 0 0 0 0 0 0 0/0 8:33 0:02 0:00
David Fischer 0 0 0 0 0 0 3 5 0 0 0/0 26:20 2:57 3:20
David Schlemko 0 1 1 1 0 0 0 1 0 0 0/0 15:40 0:00 3:20
Elias Lindholm 0 0 0 0 0 0 0 0 0 0 0/1 9:35 0:00 0:00
Hunter Shinkaruk 0 0 0 0 0 0 0 0 0 0 0/1 9:44 0:00 1:24
Jeremy Welsh 0 1 1 1 0 4 1 1 1 0 3/3 17:46 2:04 0:00
Jeremy Williams 0 0 0 0 2 1 2 1 1 1 0/0 11:27 2:04 0:00
Mark McNeill 0 0 0 1 0 2 0 0 0 1 0/1 18:45 0:02 2:25
Markus Granlund 1 2 3 3 2 3 4 0 0 0 12/21 18:18 2:46 0:29
Mat Clark 0 2 2 3 0 3 4 1 0 0 0/0 20:00 1:55 2:53
Mattias Backman 0 0 0 0 2 0 1 0 0 0 0/0 3:44 0:00 0:00
Nicolas Kerdiles 0 0 0 0 0 1 1 0 0 0 0/0 13:17 0:02 3:19
Nikita Alexeev 0 6 6 3 0 2 0 0 2 1 3/4 17:43 2:46 0:00
Ryan Pulock 0 1 1 0 0 0 0 1 0 0 0/0 21:40 2:57 0:00
Sasha Pokulok 0 0 0 3 0 0 0 1 1 1 0/0 18:08 0:00 2:53
T.J Brodie 0 0 0 1 2 1 0 1 1 0 0/0 14:29 1:55 0:00
Zack Smith 0 0 0 0 2 1 0 0 2 0 0/0 9:42 0:00 1:30
Players Stats for Remparts
Player Name G A P +/- PIM S H SB GA TA FO MP PP MP PK MP
------------------------------------------------------------------------------------
Brandon Gormley 0 2 2 0 2 5 2 0 0 0 0/0 26:36 3:31 1:59
Brandon Mashinter 0 0 0 -1 0 8 1 0 0 0 2/3 12:21 0:11 0:59
Cédric Lalonde-McNicoll 0 1 1 -4 0 4 0 1 0 1 8/15 16:18 3:11 1:09
Chris Mueller 0 0 0 0 0 0 3 0 0 0 1/1 7:45 0:00 0:00
Daniel Paille 1 0 1 -3 0 4 3 0 2 0 1/3 18:30 3:11 2:58
Erik Gustafsson 0 0 0 -1 0 0 0 1 0 0 0/0 23:59 3:31 1:34
Griffin Reinhart 0 0 0 -3 0 0 1 0 0 1 0/0 20:07 2:42 0:57
Guillaume Desbiens 1 0 1 0 2 6 4 0 1 1 1/1 19:58 2:35 0:00
Justin Williams 0 0 0 0 0 0 0 0 1 0 0/0 8:16 0:27 0:00
Juuso Ikonen 0 0 0 0 0 0 1 0 0 0 0/0 8:52 0:10 0:33
Keaton Thompson 0 0 0 -1 2 0 0 0 0 0 0/0 12:30 0:00 0:29
Max Reinhart 0 2 2 1 0 2 2 1 0 1 13/30 23:09 2:35 2:56
Michal Jordan 0 0 0 -3 0 2 0 3 0 1 0/0 22:59 2:42 1:44
Nail Yakupov 0 0 0 -1 0 0 0 0 0 2 0/1 11:28 0:31 0:00
Niklas Hansson 0 0 0 0 2 1 0 1 0 1 0/0 14:39 0:00 3:01
Pontus Aberg 0 0 0 0 2 1 2 1 0 0 0/3 20:00 2:37 0:00
Roberts Lipsbergs 0 0 0 -1 0 2 2 0 0 0 0/0 10:51 0:00 0:00
Ryan Strome 1 0 1 -4 0 3 4 1 1 0 0/0 16:45 3:11 1:09
3 Stars
1 - Blake Geoffrion (Bre)
2 - Nikita Alexeev (Bre)
3 - Markus Granlund (Bre)
Power Play
Carnivores - 3 on 5 Attempt(s) - 60.00%
Remparts - 2 on 5 Attempt(s) - 40.00%
Penalty Kill
Carnivores - 3 on 5 Attempt(s) - 60.00%
- Score 0 goal in Penalty Kill
Remparts - 2 on 5 Attempt(s) - 40.00%
- Score 1 goal in Penalty Kill
Team Stat
Carnivores - Hits : 19 - Faceoff Wins : 31 - Blocked Shots : 13 - Penalty Minutes : 10
Remparts - Hits : 25 - Faceoff Wins : 26 - Blocked Shots : 9 - Penalty Minutes : 10
Official
Referees : Unknown
Linesman : Unknown
Game Notes
Tyler Plante enters game at 2:50 of 2nd period
Blake Geoffrion has scored a Hat Trick!
Jason Missiaen enters game at 1:23 of 3rd period
Finance
Level 1 -- Attendance: 1493 (74.65%) -- Ticket Income $44,790
Level 2 -- Attendance: 677 (67.70%) -- Ticket Income $13,540
Total Attendance: 2170 (72.33%)
Total Ticket Income: $58,330
Other Income: $2,916
Total Income: $61,246
Carnivores
5 vs 5 Forward
Center Left Wing Right Wing Time % Phy DF OF
1 Markus Granlund Blake Geoffrion Nikita Alexeev 35 1 2 2
2 Anton Gustafsson Jeremy Welsh Mark McNeill 35 1 2 2
3 Elias Lindholm Nicolas Kerdiles Jeremy Williams 20 1 2 2
4 Zack Smith Hunter Shinkaruk Curtis Lazar 10 1 2 2
5 vs 5 Defense
Defense Defense Time % Phy DF OF
1 David Fischer Ryan Pulock 40 1 2 2
2 Sasha Pokulok Mat Clark 30 1 2 2
3 T.J Brodie David Schlemko 20 1 2 2
4 David Fischer Mattias Backman 10 1 2 2
PowerPlay Forward
Center Left Wing Right Wing Time % Phy DF OF
1 Markus Granlund Blake Geoffrion Nikita Alexeev 60 1 1 3
2 Anton Gustafsson Jeremy Welsh Jeremy Williams 40 1 1 3
PowerPlay Defense
Defense Defense Time % Phy DF OF
1 David Fischer Ryan Pulock 60 1 1 3
2 T.J Brodie Mat Clark 40 1 1 3
Penalty Kill 4 Players Forward
Center Wing Time % Phy DF OF
1 Anton Gustafsson Nicolas Kerdiles 60 1 2 2
2 Zack Smith Mark McNeill 40 1 2 2
Penalty Kill 4 Players Defense
Defense Defense Time % Phy DF OF
1 David Fischer David Schlemko 60 1 2 2
2 Sasha Pokulok Mat Clark 40 1 2 2
Penalty Kill - 3 Players Forward
Forward Time % Phy DF OF
1 Anton Gustafsson 60 1 2 2
2 Mark McNeill 40 1 2 2
Penalty Kill - 3 Players Defense
Defense Defense Time % Phy DF OF
1 David Fischer David Schlemko 60 1 2 2
2 Sasha Pokulok Mat Clark 40 1 2 2
4 vs 4 Forward
Center Wing Time % Phy DF OF
1 Markus Granlund Nicolas Kerdiles 60 1 2 2
2 Anton Gustafsson Nikita Alexeev 40 1 2 2
4 vs 4 Defense
Defense Defense Time % Phy DF OF
1 David Fischer Ryan Pulock 60 1 2 2
2 Sasha Pokulok Mat Clark 40 1 2 2
Last Minutes Offensive
Center Left Wing Right Wing Defense Defense
Anton Gustafsson Jeremy Welsh Nikita Alexeev Ryan Pulock David Fischer
Last Minutes Defensive
Center Left Wing Right Wing Defense Defense
Anton Gustafsson Nicolas Kerdiles Blake Geoffrion David Schlemko David Fischer
Goaltenders
Starting : Anders Lindback
Backup : Niklas Svedberg
Extra Forwards
Normal : Curtis Lazar, Elias Lindholm, Nicolas Kerdiles - PP : Curtis Lazar, Nicolas Kerdiles - PK : Mark McNeill
Extra Defensemen
Normal : Ryan Pulock, Mat Clark, Mattias Backman - PP : David Fischer - PK : David Schlemko, T.J Brodie
Penalty Shots
Curtis Lazar, Blake Geoffrion, Anton Gustafsson, Elias Lindholm, Zack Smith
Scratches
Adam Almquist (Healthy), Stanislav Galiev (Healthy), Mark MacMillan (Healthy), Tyler Graovac (Healthy), Troy Bourke (Healthy)
Alexandre Mallet (Healthy), Michael Schumacher (Healthy), Tristan Jarry (Healthy)
Remparts
5 vs 5 Forward
Center Left Wing Right Wing Time % Phy DF OF
1 Max Reinhart Pontus Aberg Guillaume Desbiens 40 1 2 2
2 Cédric Lalonde-McNicoll Daniel Paille Ryan Strome 30 1 2 2
3 Brandon Mashinter Roberts Lipsbergs Nail Yakupov 20 1 2 2
4 Chris Mueller Juuso Ikonen Justin Williams 10 1 2 2
5 vs 5 Defense
Defense Defense Time % Phy DF OF
1 Brandon Gormley Erik Gustafsson 40 1 2 2
2 Griffin Reinhart Michal Jordan 30 1 2 2
3 Niklas Hansson Keaton Thompson 20 1 2 2
4 Brandon Gormley Michal Jordan 10 1 2 2
PowerPlay Forward
Center Left Wing Right Wing Time % Phy DF OF
1 Max Reinhart Pontus Aberg Guillaume Desbiens 60 1 2 2
2 Cédric Lalonde-McNicoll Daniel Paille Ryan Strome 40 1 2 2
PowerPlay Defense
Defense Defense Time % Phy DF OF
1 Brandon Gormley Erik Gustafsson 60 1 2 2
2 Michal Jordan Griffin Reinhart 40 1 2 2
Penalty Kill 4 Players Forward
Center Wing Time % Phy DF OF
1 Max Reinhart Daniel Paille 60 1 2 2
2 Cédric Lalonde-McNicoll Ryan Strome 40 1 2 2
Penalty Kill 4 Players Defense
Defense Defense Time % Phy DF OF
1 Brandon Gormley Niklas Hansson 60 1 2 2
2 Michal Jordan Erik Gustafsson 40 1 2 2
Penalty Kill - 3 Players Forward
Forward Time % Phy DF OF
1 Max Reinhart 60 1 2 2
2 Cédric Lalonde-McNicoll 40 1 2 2
Penalty Kill - 3 Players Defense
Defense Defense Time % Phy DF OF
1 Brandon Gormley Niklas Hansson 60 1 2 2
2 Michal Jordan Erik Gustafsson 40 1 2 2
4 vs 4 Forward
Center Wing Time % Phy DF OF
1 Max Reinhart Pontus Aberg 60 1 2 2
2 Cédric Lalonde-McNicoll Ryan Strome 40 1 2 2
4 vs 4 Defense
Defense Defense Time % Phy DF OF
1 Brandon Gormley Erik Gustafsson 60 1 2 2
2 Michal Jordan Griffin Reinhart 40 1 2 2
Last Minutes Offensive
Center Left Wing Right Wing Defense Defense
Max Reinhart Pontus Aberg Guillaume Desbiens Brandon Gormley Erik Gustafsson
Last Minutes Defensive
Center Left Wing Right Wing Defense Defense
Max Reinhart Daniel Paille Ryan Strome Brandon Gormley Niklas Hansson
Goaltenders
Starting : Jason Missiaen
Backup : Tyler Plante
Extra Forwards
Normal : Ryan Strome, Nail Yakupov, Max Reinhart - PP : Ryan Strome, Nail Yakupov - PK : Brandon Mashinter
Extra Defensemen
Normal : Griffin Reinhart, Brandon Gormley, Michal Jordan - PP : Griffin Reinhart - PK : Griffin Reinhart, Michal Jordan
Penalty Shots
Daniel Paille, Ryan Strome, Max Reinhart, Brandon Mashinter, Pontus Aberg
Scratches
Viktor Baldayev (Healthy), Michael Downing (Healthy), Kyle Platzer (Healthy), Connor Honey (Healthy), Anton Zlobin (Healthy)
Mitchell Heard (Healthy), Tim Bozon (Healthy), Igor Bobkov (Healthy), François Brassard (Healthy)
% Time on Ice - Carnivores
Lines # - Real PCT - Wanted PCT - Time Play
Normal Forward
1 - 32% - 35% - 15:25
2 - 32% - 35% - 15:42
3 - 20% - 20% - 9:35
4 - 17% - 10% - 8:13
Normal Defense
1 - 36% - 40% - 17:38
2 - 33% - 30% - 15:59
3 - 26% - 20% - 12:33
4 - 6% - 10% - 2:45
PP Forward
1 - 58% - 60% - 2:48
2 - 42% - 40% - 2:04
PP Defense
1 - 61% - 60% - 2:57
2 - 39% - 40% - 1:55
PK Forward
1 - 76% - 60% - 4:43
2 - 24% - 40% - 1:30
PK Defense
1 - 54% - 60% - 3:20
2 - 46% - 40% - 2:53
PK3 Forward
1 - 0% - 60%
2 - 0% - 40%
PK3 Defense
1 - 0% - 60%
2 - 0% - 40%
44 Forward
1 - 0% - 60%
2 - 0% - 40%
44 Defense
1 - 0% - 60%
2 - 0% - 40%
Last Minute Offensive - 0:00
Last Minute Defensive - 0:00
Total
Forward - 60:00
Defense - 60:00
|
% Time on Ice - Remparts
Lines # - Real PCT - Wanted PCT - Time Play
Normal Forward
1 - 38% - 40% - 18:21
2 - 24% - 30% - 11:58
3 - 22% - 20% - 10:51
4 - 16% - 10% - 7:45
Normal Defense
1 - 41% - 40% - 19:57
2 - 33% - 30% - 15:58
3 - 21% - 20% - 10:16
4 - 6% - 10% - 2:44
PP Forward
1 - 49% - 60% - 3:02
2 - 51% - 40% - 3:11
PP Defense
1 - 57% - 60% - 3:31
2 - 43% - 40% - 2:42
PK Forward
1 - 76% - 60% - 3:43
2 - 24% - 40% - 1:09
PK Defense
1 - 68% - 60% - 3:18
2 - 32% - 40% - 1:34
PK3 Forward
1 - 0% - 60%
2 - 0% - 40%
PK3 Defense
1 - 0% - 60%
2 - 0% - 40%
44 Forward
1 - 0% - 60%
2 - 0% - 40%
44 Defense
1 - 0% - 60%
2 - 0% - 40%
Last Minute Offensive - 0:00
Last Minute Defensive - 0:00
Total
Forward - 60:00
Defense - 60:00
|
Play-by-Play
1st period
0:01 of 1st period - Nikita Alexeev wins face-off versus Max Reinhart in neutral zone.
0:16 of 1st period - Wrist shot by Nikita Alexeev.
0:16 of 1st period - Deflect By Blake Geoffrion.
0:16 of 1st period - Stopped by Jason Missiaen without a rebound.
0:17 of 1st period - Anton Gustafsson wins face-off versus Cédric Lalonde-McNicoll in Remparts zone.
0:22 of 1st period - Wrist shot by Anton Gustafsson.
0:22 of 1st period - Stopped by Jason Missiaen with a rebound.
0:47 of 1st period - Jeremy Williams is hit by Roberts Lipsbergs and loses puck.
0:52 of 1st period - Snap shot by Brandon Mashinter.
0:52 of 1st period - Stopped by Anders Lindback without a rebound.
0:53 of 1st period - Chris Mueller wins face-off versus Hunter Shinkaruk in Carnivores zone.
1:08 of 1st period - Wrist shot by Justin Williams.
1:08 of 1st period - Shot Misses the Net.
1:57 of 1st period - Wrist shot by Brandon Mashinter.
1:57 of 1st period - Stopped by Anders Lindback without a rebound.
1:58 of 1st period - Blake Geoffrion wins face-off versus Max Reinhart in Carnivores zone.
2:46 of 1st period - Jeremy Williams is hit by Chris Mueller and loses puck.
3:19 of 1st period - Snap shot by Brandon Mashinter.
3:19 of 1st period - Stopped by Anders Lindback without a rebound.
3:20 of 1st period - Brandon Mashinter wins face-off versus Anton Gustafsson in Carnivores zone.
3:40 of 1st period - Michal Jordan is hit by Anton Gustafsson and loses puck.
3:54 of 1st period - Slapshot by Anton Gustafsson.
3:54 of 1st period - Goal by Anton Gustafsson - Carnivores : 1 - Remparts : 0.
3:55 of 1st period - Max Reinhart wins face-off versus Nikita Alexeev in neutral zone.
4:29 of 1st period - Wrist shot by Cédric Lalonde-McNicoll.
4:29 of 1st period - Stopped by Anders Lindback with a rebound.
4:31 of 1st period - Slapshot by Brandon Gormley.
4:31 of 1st period - Shot Blocked by Jeremy Williams.
4:55 of 1st period - Snap shot by Jeremy Welsh.
4:55 of 1st period - Shot Misses the Net.
5:01 of 1st period - Minor Penalty to Niklas Hansson for High sticking.
5:02 of 1st period - Nikita Alexeev wins face-off versus Max Reinhart in Remparts zone.
5:07 of 1st period - Slapshot by Blake Geoffrion.
5:07 of 1st period - Goal by Blake Geoffrion - Carnivores : 2 - Remparts : 0.
5:08 of 1st period - Max Reinhart wins face-off versus Markus Granlund in neutral zone.
5:11 of 1st period - Snap shot by Guillaume Desbiens.
5:11 of 1st period - Shot Blocked by Mat Clark.
5:21 of 1st period - Wrist shot by Guillaume Desbiens.
5:21 of 1st period - Stopped by Anders Lindback without a rebound.
5:22 of 1st period - Markus Granlund wins face-off versus Cédric Lalonde-McNicoll in Carnivores zone.
5:24 of 1st period - Minor Penalty to Mattias Backman for Tripping.
5:25 of 1st period - Anton Gustafsson wins face-off versus Max Reinhart in Carnivores zone.
5:55 of 1st period - Wrist shot by Brandon Gormley.
5:55 of 1st period - Shot Blocked by David Fischer.
7:24 of 1st period - Penalty to Mattias Backman is over, Mattias Backman is back on ice.
7:29 of 1st period - Markus Granlund is hit by Juuso Ikonen and loses puck.
7:38 of 1st period - Wrist shot by Chris Mueller.
7:38 of 1st period - Shot Blocked by Sasha Pokulok.
7:52 of 1st period - Snap shot by Jeremy Williams.
7:52 of 1st period - Shot Misses the Net.
8:00 of 1st period - Nicolas Kerdiles is hit by Brandon Mashinter and loses puck.
8:29 of 1st period - Wrist shot by Hunter Shinkaruk.
8:29 of 1st period - Shot Misses the Net.
8:33 of 1st period - Wrist shot by Jeremy Welsh.
8:33 of 1st period - Stopped by Jason Missiaen without a rebound.
8:34 of 1st period - Anton Gustafsson wins face-off versus Cédric Lalonde-McNicoll in Remparts zone.
8:39 of 1st period - Wrist shot by Jeremy Welsh.
8:39 of 1st period - Shot Misses the Net.
8:45 of 1st period - Wrist shot by Jeremy Welsh.
8:45 of 1st period - Stopped by Jason Missiaen with a rebound.
8:47 of 1st period - Wrist shot by Anton Gustafsson.
8:47 of 1st period - Shot Misses the Net.
9:01 of 1st period - Snap shot by Blake Geoffrion.
9:01 of 1st period - Shot Misses the Net.
9:33 of 1st period - Slapshot by Justin Williams.
9:33 of 1st period - Shot Blocked by T.J Brodie.
10:14 of 1st period - Wrist shot by Max Reinhart.
10:14 of 1st period - Stopped by Anders Lindback with a rebound.
10:34 of 1st period - Snap shot by Blake Geoffrion.
10:34 of 1st period - Stopped by Jason Missiaen without a rebound.
10:35 of 1st period - Markus Granlund wins face-off versus Nail Yakupov in Remparts zone.
11:00 of 1st period - Max Reinhart is hit by Mat Clark and loses puck.
11:19 of 1st period - Nicolas Kerdiles is hit by Daniel Paille.
11:50 of 1st period - Wrist shot by Chris Mueller.
11:50 of 1st period - Shot Misses the Net.
11:52 of 1st period - Snap shot by Niklas Hansson.
11:52 of 1st period - Stopped by Anders Lindback with a rebound.
12:46 of 1st period - Snap shot by Ryan Strome.
12:46 of 1st period - Shot Misses the Net.
13:42 of 1st period - Backhand shot by Anton Gustafsson.
13:42 of 1st period - Shot Misses the Net.
13:56 of 1st period - David Schlemko is hit by Ryan Strome and loses puck.
14:15 of 1st period - Erik Gustafsson is hit by Markus Granlund and loses puck.
14:25 of 1st period - Minor Penalty to T.J Brodie for Holding.
14:26 of 1st period - Max Reinhart wins face-off versus Anton Gustafsson in Carnivores zone.
15:41 of 1st period - Hunter Shinkaruk is hit by Guillaume Desbiens and loses puck.
16:25 of 1st period - Penalty to T.J Brodie is over, T.J Brodie is back on ice.
16:49 of 1st period - Minor Penalty to Markus Granlund for Interference.
16:50 of 1st period - Max Reinhart wins face-off versus Anton Gustafsson in Carnivores zone.
16:51 of 1st period - Slapshot by Guillaume Desbiens.
16:51 of 1st period - Goal by Guillaume Desbiens - Carnivores : 2 - Remparts : 1.
16:52 of 1st period - Max Reinhart wins face-off versus Anton Gustafsson in neutral zone.
17:03 of 1st period - Icing by Mark McNeill.
17:04 of 1st period - Max Reinhart wins face-off versus Anton Gustafsson in Carnivores zone.
17:13 of 1st period - Snap shot by Jeremy Welsh.
17:13 of 1st period - Shot Blocked by Erik Gustafsson.
17:17 of 1st period - Snap shot by Anton Gustafsson.
17:17 of 1st period - Shot Misses the Net.
17:19 of 1st period - Wrist shot by Anton Gustafsson.
17:19 of 1st period - Stopped by Jason Missiaen with a rebound.
17:21 of 1st period - Wrist shot by Mark McNeill.
17:21 of 1st period - Stopped by Jason Missiaen with a rebound.
17:23 of 1st period - Slapshot by David Fischer.
17:23 of 1st period - Shot Misses the Net.
17:25 of 1st period - Snap shot by Mark McNeill.
17:25 of 1st period - Stopped by Jason Missiaen without a rebound.
17:26 of 1st period - Markus Granlund wins face-off versus Cédric Lalonde-McNicoll in Remparts zone.
17:29 of 1st period - Snap shot by Nikita Alexeev.
17:29 of 1st period - Shot Misses the Net.
17:31 of 1st period - Slapshot by Mat Clark.
17:31 of 1st period - Shot Misses the Net.
17:33 of 1st period - Slapshot by Markus Granlund.
17:33 of 1st period - Goal by Markus Granlund - Carnivores : 3 - Remparts : 1.
17:34 of 1st period - Markus Granlund wins face-off versus Pontus Aberg in neutral zone.
17:37 of 1st period - Wrist shot by Nikita Alexeev.
17:37 of 1st period - Stopped by Jason Missiaen with a rebound.
17:43 of 1st period - Markus Granlund is hit by Guillaume Desbiens and loses puck.
18:00 of 1st period - Brandon Gormley is hit by David Fischer and loses puck.
19:06 of 1st period - Off-side.
19:07 of 1st period - Anton Gustafsson wins face-off versus Max Reinhart in neutral zone.
19:38 of 1st period - Slapshot by Ryan Strome.
19:38 of 1st period - Stopped by Anders Lindback with a rebound.
19:40 of 1st period - Wrist shot by Daniel Paille.
19:40 of 1st period - Shot Misses the Net.
19:57 of 1st period - Snap shot by Brandon Mashinter.
19:57 of 1st period - Stopped by Anders Lindback with a rebound.
Goals for this period are 3 for Carnivores vs 1 for Remparts.
Shots for this period are 12 for Carnivores vs 10 for Remparts.
2nd period
0:01 of 2nd period - Max Reinhart wins face-off versus Anton Gustafsson in neutral zone.
0:32 of 2nd period - Nikita Alexeev is hit by Daniel Paille and loses puck.
1:49 of 2nd period - David Schlemko is hit by Chris Mueller and loses puck.
2:04 of 2nd period - Snap shot by Blake Geoffrion.
2:04 of 2nd period - Stopped by Jason Missiaen with a rebound.
2:06 of 2nd period - Slapshot by David Schlemko.
2:06 of 2nd period - Shot Blocked by Ryan Strome.
2:08 of 2nd period - Slapshot by Blake Geoffrion.
2:08 of 2nd period - Deflect By Markus Granlund.
2:08 of 2nd period - Shot Blocked by Cédric Lalonde-McNicoll.
2:08 of 2nd period - Puck is out of play.
2:09 of 2nd period - Max Reinhart wins face-off versus Anton Gustafsson in Remparts zone.
2:09 of 2nd period - Max Reinhart is hit by David Fischer.
2:12 of 2nd period - Minor Penalty to Guillaume Desbiens for Hooking.
2:13 of 2nd period - Nikita Alexeev wins face-off versus Daniel Paille in Remparts zone.
2:15 of 2nd period - Wrist shot by Nikita Alexeev.
2:15 of 2nd period - Stopped by Jason Missiaen without a rebound.
2:16 of 2nd period - Markus Granlund wins face-off versus Max Reinhart in Remparts zone.
2:46 of 2nd period - Off-side.
2:47 of 2nd period - Jeremy Welsh wins face-off versus Max Reinhart in neutral zone.
2:50 of 2nd period - Slapshot by Anton Gustafsson.
2:50 of 2nd period - Goal by Anton Gustafsson - Carnivores : 4 - Remparts : 1.
2:50 of 2nd period - Tyler Plante enters game.
2:51 of 2nd period - Anton Gustafsson wins face-off versus Max Reinhart in neutral zone.
3:18 of 2nd period - Daniel Paille is hit by Markus Granlund and loses puck.
3:27 of 2nd period - Snap shot by Blake Geoffrion.
3:27 of 2nd period - Goal by Blake Geoffrion - Carnivores : 5 - Remparts : 1.
3:28 of 2nd period - Markus Granlund wins face-off versus Pontus Aberg in neutral zone.
3:38 of 2nd period - Minor Penalty to Brandon Gormley for Holding.
3:39 of 2nd period - Markus Granlund wins face-off versus Max Reinhart in Remparts zone.
4:19 of 2nd period - Slapshot by Ryan Pulock.
4:19 of 2nd period - Shot Blocked by Michal Jordan.
4:33 of 2nd period - Blake Geoffrion is hit by Max Reinhart and loses puck.
5:38 of 2nd period - Penalty to Brandon Gormley is over, Brandon Gormley is back on ice.
5:58 of 2nd period - Snap shot by Daniel Paille.
5:58 of 2nd period - Stopped by Anders Lindback with a rebound.
6:04 of 2nd period - Slapshot by Brandon Gormley.
6:04 of 2nd period - Shot Misses the Net.
6:20 of 2nd period - Snap shot by Nail Yakupov.
6:20 of 2nd period - Shot Misses the Net.
7:02 of 2nd period - Sasha Pokulok is hit by Ryan Strome and loses puck.
7:32 of 2nd period - Snap shot by Ryan Strome.
7:32 of 2nd period - Shot Misses the Net.
8:10 of 2nd period - T.J Brodie is hit by Max Reinhart and loses puck.
8:23 of 2nd period - Nicolas Kerdiles is hit by Daniel Paille.
9:01 of 2nd period - Ryan Strome is hit by Jeremy Williams and loses puck.
9:12 of 2nd period - Ryan Strome is hit by Mat Clark.
10:07 of 2nd period - David Schlemko is hit by Chris Mueller and loses puck.
10:24 of 2nd period - Blake Geoffrion is hit by Griffin Reinhart and loses puck.
10:35 of 2nd period - Mark McNeill is hit by Roberts Lipsbergs and loses puck.
10:47 of 2nd period - Icing by Jeremy Welsh.
10:48 of 2nd period - Cédric Lalonde-McNicoll wins face-off versus Anton Gustafsson in Carnivores zone.
11:13 of 2nd period - Max Reinhart is hit by Jeremy Welsh and loses puck.
11:25 of 2nd period - Minor Penalty to Pontus Aberg for Delaying the game.
11:26 of 2nd period - Markus Granlund wins face-off versus Max Reinhart in Remparts zone.
11:27 of 2nd period - Snap shot by Nikita Alexeev.
11:27 of 2nd period - Shot Blocked by Max Reinhart.
11:29 of 2nd period - Snap shot by Blake Geoffrion.
11:29 of 2nd period - Stopped by Tyler Plante with a rebound.
11:31 of 2nd period - Slapshot by Markus Granlund.
11:31 of 2nd period - Stopped by Tyler Plante with a rebound.
11:33 of 2nd period - Wrist shot by Nikita Alexeev.
11:33 of 2nd period - Shot Misses the Net.
11:35 of 2nd period - Wrist shot by Blake Geoffrion.
11:35 of 2nd period - Goal by Blake Geoffrion - Carnivores : 6 - Remparts : 1.
11:36 of 2nd period - Anton Gustafsson wins face-off versus Max Reinhart in neutral zone.
12:01 of 2nd period - Blake Geoffrion is hit by Ryan Strome and loses puck.
12:28 of 2nd period - Griffin Reinhart is hit by Jeremy Williams and loses puck.
12:49 of 2nd period - Snap shot by Chris Mueller.
12:49 of 2nd period - Shot Blocked by David Schlemko.
13:31 of 2nd period - Slapshot by Ryan Pulock.
13:31 of 2nd period - Deflect By Blake Geoffrion.
13:31 of 2nd period - Goal by Blake Geoffrion - Carnivores : 7 - Remparts : 1.
13:32 of 2nd period - Max Reinhart wins face-off versus Anton Gustafsson in neutral zone.
13:45 of 2nd period - Snap shot by Max Reinhart.
13:45 of 2nd period - Stopped by Anders Lindback with a rebound.
13:59 of 2nd period - David Fischer is hit by Brandon Gormley.
14:47 of 2nd period - Slapshot by Anton Gustafsson.
14:47 of 2nd period - Shot Misses the Net.
15:49 of 2nd period - Slapshot by Jeremy Williams.
15:49 of 2nd period - Stopped by Tyler Plante without a rebound.
15:50 of 2nd period - Guillaume Desbiens wins face-off versus Anton Gustafsson in Remparts zone.
15:57 of 2nd period - Wrist shot by Guillaume Desbiens.
15:57 of 2nd period - Stopped by Anders Lindback without a rebound.
15:58 of 2nd period - Anton Gustafsson wins face-off versus Max Reinhart in Carnivores zone.
16:35 of 2nd period - Snap shot by Jeremy Williams.
16:35 of 2nd period - Shot Misses the Net.
16:51 of 2nd period - Snap shot by Zack Smith.
16:51 of 2nd period - Shot Blocked by Pontus Aberg.
16:53 of 2nd period - Snap shot by Sasha Pokulok.
16:53 of 2nd period - Shot Misses the Net.
16:55 of 2nd period - Wrist shot by Mat Clark.
16:55 of 2nd period - Stopped by Tyler Plante without a rebound.
16:56 of 2nd period - Anton Gustafsson wins face-off versus Cédric Lalonde-McNicoll in Remparts zone.
17:15 of 2nd period - Icing by Ryan Strome.
17:16 of 2nd period - Markus Granlund wins face-off versus Cédric Lalonde-McNicoll in Remparts zone.
17:21 of 2nd period - Slapshot by Blake Geoffrion.
17:21 of 2nd period - Shot Misses the Net.
17:41 of 2nd period - Snap shot by Cédric Lalonde-McNicoll.
17:41 of 2nd period - Shot Blocked by Blake Geoffrion.
17:43 of 2nd period - Snap shot by Ryan Strome.
17:43 of 2nd period - Stopped by Anders Lindback with a rebound.
17:45 of 2nd period - Snap shot by Daniel Paille.
17:45 of 2nd period - Stopped by Anders Lindback with a rebound.
17:47 of 2nd period - Snap shot by Cédric Lalonde-McNicoll.
17:47 of 2nd period - Deflect By Ryan Strome.
17:47 of 2nd period - Shot Blocked by David Fischer.
17:47 of 2nd period - Puck is out of play.
17:48 of 2nd period - Jeremy Welsh wins face-off versus Max Reinhart in Carnivores zone.
17:55 of 2nd period - Brandon Gormley is hit by Anton Gustafsson and loses puck.
18:00 of 2nd period - Wrist shot by Anton Gustafsson.
18:00 of 2nd period - Shot Misses the Net.
18:24 of 2nd period - Slapshot by Brandon Gormley.
18:24 of 2nd period - Stopped by Anders Lindback without a rebound.
18:25 of 2nd period - Cédric Lalonde-McNicoll wins face-off versus Markus Granlund in Carnivores zone.
18:52 of 2nd period - Michal Jordan is hit by Anton Gustafsson and loses puck.
18:59 of 2nd period - Wrist shot by Mark McNeill.
18:59 of 2nd period - Shot Misses the Net.
19:31 of 2nd period - Snap shot by Mat Clark.
19:31 of 2nd period - Stopped by Tyler Plante with a rebound.
Goals for this period are 4 for Carnivores vs 0 for Remparts.
Shots for this period are 11 for Carnivores vs 6 for Remparts.
3rd period
0:01 of 3rd period - Jeremy Welsh wins face-off versus Max Reinhart in neutral zone.
0:08 of 3rd period - Snap shot by Jeremy Welsh.
0:08 of 3rd period - Stopped by Tyler Plante without a rebound.
0:09 of 3rd period - Max Reinhart wins face-off versus Mark McNeill in Remparts zone.
0:36 of 3rd period - Wrist shot by Guillaume Desbiens.
0:36 of 3rd period - Shot Blocked by Ryan Pulock.
0:38 of 3rd period - Snap shot by Pontus Aberg.
0:38 of 3rd period - Shot Misses the Net.
0:40 of 3rd period - Backhand shot by Brandon Gormley.
0:40 of 3rd period - Stopped by Anders Lindback with a rebound.
0:52 of 3rd period - Snap shot by Pontus Aberg.
0:52 of 3rd period - Shot Misses the Net.
0:54 of 3rd period - Snap shot by Max Reinhart.
0:54 of 3rd period - Shot Misses the Net.
0:56 of 3rd period - Snap shot by Pontus Aberg.
0:56 of 3rd period - Stopped by Anders Lindback with a rebound.
0:58 of 3rd period - Slapshot by Michal Jordan.
0:58 of 3rd period - Shot Blocked by David Fischer.
1:00 of 3rd period - Wrist shot by Guillaume Desbiens.
1:00 of 3rd period - Shot Misses the Net.
1:02 of 3rd period - Backhand shot by Pontus Aberg.
1:02 of 3rd period - Shot Misses the Net.
1:04 of 3rd period - Wrist shot by Guillaume Desbiens.
1:04 of 3rd period - Shot Misses the Net.
1:06 of 3rd period - Wrist shot by Michal Jordan.
1:06 of 3rd period - Shot Blocked by David Fischer.
1:08 of 3rd period - Snap shot by Guillaume Desbiens.
1:08 of 3rd period - Shot Misses the Net.
1:10 of 3rd period - Slapshot by Michal Jordan.
1:10 of 3rd period - Stopped by Anders Lindback without a rebound.
1:11 of 3rd period - Markus Granlund wins face-off versus Cédric Lalonde-McNicoll in Carnivores zone.
1:11 of 3rd period - Markus Granlund is hit by Ryan Strome.
1:23 of 3rd period - Wrist shot by Blake Geoffrion.
1:23 of 3rd period - Goal by Blake Geoffrion - Carnivores : 8 - Remparts : 1.
1:23 of 3rd period - Jason Missiaen enters game.
1:24 of 3rd period - Cédric Lalonde-McNicoll wins face-off versus Markus Granlund in neutral zone.
1:40 of 3rd period - Wrist shot by Cédric Lalonde-McNicoll.
1:40 of 3rd period - Stopped by Anders Lindback with a rebound.
1:59 of 3rd period - Snap shot by Justin Williams.
1:59 of 3rd period - Shot Misses the Net.
2:03 of 3rd period - Slapshot by Justin Williams.
2:03 of 3rd period - Shot Misses the Net.
2:15 of 3rd period - Backhand shot by Jeremy Welsh.
2:15 of 3rd period - Deflect By Anton Gustafsson.
2:15 of 3rd period - Stopped by Jason Missiaen without a rebound.
2:16 of 3rd period - Max Reinhart wins face-off versus Anton Gustafsson in Remparts zone.
2:56 of 3rd period - Snap shot by Jeremy Welsh.
2:56 of 3rd period - Shot Blocked by Michal Jordan.
2:58 of 3rd period - Wrist shot by Mark McNeill.
2:58 of 3rd period - Shot Blocked by Michal Jordan.
3:00 of 3rd period - Snap shot by David Schlemko.
3:00 of 3rd period - Deflect By Jeremy Welsh.
3:00 of 3rd period - Stopped by Jason Missiaen without a rebound.
3:01 of 3rd period - Cédric Lalonde-McNicoll wins face-off versus Markus Granlund in Remparts zone.
3:01 of 3rd period - Cédric Lalonde-McNicoll is hit by Markus Granlund.
3:32 of 3rd period - Wrist shot by Roberts Lipsbergs.
3:32 of 3rd period - Stopped by Anders Lindback with a rebound.
3:34 of 3rd period - Wrist shot by Brandon Mashinter.
3:34 of 3rd period - Stopped by Anders Lindback without a rebound.
3:35 of 3rd period - Cédric Lalonde-McNicoll wins face-off versus Elias Lindholm in Carnivores zone.
4:19 of 3rd period - Snap shot by Brandon Mashinter.
4:19 of 3rd period - Stopped by Anders Lindback with a rebound.
4:21 of 3rd period - Slapshot by Brandon Gormley.
4:21 of 3rd period - Stopped by Anders Lindback with a rebound.
4:27 of 3rd period - Snap shot by Brandon Mashinter.
4:27 of 3rd period - Stopped by Anders Lindback with a rebound.
4:32 of 3rd period - Icing by Anton Gustafsson.
4:33 of 3rd period - Anton Gustafsson wins face-off versus Max Reinhart in Carnivores zone.
4:38 of 3rd period - Slapshot by Max Reinhart.
4:38 of 3rd period - Shot Misses the Net.
5:02 of 3rd period - Slapshot by Anton Gustafsson.
5:02 of 3rd period - Stopped by Jason Missiaen without a rebound.
5:03 of 3rd period - Brandon Mashinter wins face-off versus Markus Granlund in Remparts zone.
5:03 of 3rd period - Brandon Mashinter is hit by David Fischer.
5:15 of 3rd period - Slapshot by Michal Jordan.
5:15 of 3rd period - Deflect By Nikita Alexeev.
5:15 of 3rd period - Stopped by Anders Lindback with a rebound.
5:17 of 3rd period - Wrist shot by Roberts Lipsbergs.
5:17 of 3rd period - Stopped by Anders Lindback with a rebound.
5:28 of 3rd period - Slapshot by Griffin Reinhart.
5:28 of 3rd period - Shot Misses the Net.
5:44 of 3rd period - Wrist shot by Brandon Mashinter.
5:44 of 3rd period - Stopped by Anders Lindback without a rebound.
5:45 of 3rd period - Anton Gustafsson wins face-off versus Pontus Aberg in Carnivores zone.
5:45 of 3rd period - Anton Gustafsson is hit by Pontus Aberg.
6:22 of 3rd period - Wrist shot by Ryan Strome.
6:22 of 3rd period - Deflect By Daniel Paille.
6:22 of 3rd period - Stopped by Anders Lindback with a rebound.
6:24 of 3rd period - Wrist shot by Cédric Lalonde-McNicoll.
6:24 of 3rd period - Shot Misses the Net.
6:39 of 3rd period - Minor Penalty to Keaton Thompson for Hooking.
6:40 of 3rd period - Daniel Paille wins face-off versus Markus Granlund in Remparts zone.
6:45 of 3rd period - Snap shot by Daniel Paille.
6:45 of 3rd period - Goal by Daniel Paille - Carnivores : 8 - Remparts : 2.
6:46 of 3rd period - Markus Granlund wins face-off versus Max Reinhart in neutral zone.
6:53 of 3rd period - Backhand shot by Blake Geoffrion.
6:53 of 3rd period - Shot Misses the Net.
6:55 of 3rd period - Snap shot by Blake Geoffrion.
6:55 of 3rd period - Shot Hit the Post.
6:57 of 3rd period - Slapshot by Ryan Pulock.
6:57 of 3rd period - Shot Misses the Net.
6:59 of 3rd period - Slapshot by Ryan Pulock.
6:59 of 3rd period - Shot Blocked by Niklas Hansson.
8:05 of 3rd period - Wrist shot by Brandon Gormley.
8:05 of 3rd period - Stopped by Anders Lindback with a rebound.
8:39 of 3rd period - Penalty to Keaton Thompson is over, Keaton Thompson is back on ice.
8:49 of 3rd period - Brandon Mashinter is hit by Mat Clark and loses puck.
8:54 of 3rd period - Snap shot by Zack Smith.
8:54 of 3rd period - Stopped by Jason Missiaen with a rebound.
9:15 of 3rd period - Guillaume Desbiens is hit by Nicolas Kerdiles and loses puck.
9:32 of 3rd period - Snap shot by Cédric Lalonde-McNicoll.
9:32 of 3rd period - Stopped by Anders Lindback with a rebound.
9:52 of 3rd period - Minor Penalty to Zack Smith for High sticking.
9:53 of 3rd period - Cédric Lalonde-McNicoll wins face-off versus Anton Gustafsson in Carnivores zone.
9:54 of 3rd period - Slapshot by Brandon Gormley.
9:54 of 3rd period - Stopped by Anders Lindback without a rebound.
9:55 of 3rd period - Cédric Lalonde-McNicoll wins face-off versus Anton Gustafsson in Carnivores zone.
10:02 of 3rd period - Wrist shot by Cédric Lalonde-McNicoll.
10:02 of 3rd period - Shot Blocked by David Fischer.
10:04 of 3rd period - Snap shot by Cédric Lalonde-McNicoll.
10:04 of 3rd period - Stopped by Anders Lindback with a rebound.
10:06 of 3rd period - Snap shot by Ryan Strome.
10:06 of 3rd period - Goal by Ryan Strome - Carnivores : 8 - Remparts : 3.
10:07 of 3rd period - Markus Granlund wins face-off versus Max Reinhart in neutral zone.
10:16 of 3rd period - Snap shot by Guillaume Desbiens.
10:16 of 3rd period - Stopped by Anders Lindback without a rebound.
10:17 of 3rd period - Max Reinhart wins face-off versus Markus Granlund in Carnivores zone.
10:28 of 3rd period - Icing by Brandon Gormley.
10:29 of 3rd period - Max Reinhart wins face-off versus Markus Granlund in Remparts zone.
10:44 of 3rd period - Wrist shot by Guillaume Desbiens.
10:44 of 3rd period - Stopped by Anders Lindback with a rebound.
10:56 of 3rd period - David Fischer is hit by Guillaume Desbiens.
11:31 of 3rd period - Minor Penalty to Jeremy Williams for Hooking.
11:32 of 3rd period - Anton Gustafsson wins face-off versus Daniel Paille in Carnivores zone.
11:44 of 3rd period - Griffin Reinhart is hit by Mat Clark and loses puck.
12:59 of 3rd period - David Schlemko is hit by Guillaume Desbiens.
13:19 of 3rd period - David Fischer is hit by Brandon Gormley and loses puck.
13:31 of 3rd period - Penalty to Jeremy Williams is over, Jeremy Williams is back on ice.
14:33 of 3rd period - Icing by Curtis Lazar.
14:34 of 3rd period - Anton Gustafsson wins face-off versus Brandon Mashinter in Carnivores zone.
14:45 of 3rd period - Slapshot by Anton Gustafsson.
14:45 of 3rd period - Shot Misses the Net.
14:47 of 3rd period - Slapshot by T.J Brodie.
14:47 of 3rd period - Stopped by Jason Missiaen with a rebound.
15:21 of 3rd period - Daniel Paille is hit by Mattias Backman and loses puck.
15:28 of 3rd period - Wrist shot by Nicolas Kerdiles.
15:28 of 3rd period - Stopped by Jason Missiaen with a rebound.
15:46 of 3rd period - Snap shot by Mark McNeill.
15:46 of 3rd period - Shot Misses the Net.
16:29 of 3rd period - Slapshot by Mat Clark.
16:29 of 3rd period - Deflect By Nail Yakupov.
16:29 of 3rd period - Stopped by Jason Missiaen with a rebound.
17:44 of 3rd period - Snap shot by Markus Granlund.
17:44 of 3rd period - Stopped by Jason Missiaen without a rebound.
17:45 of 3rd period - Cédric Lalonde-McNicoll wins face-off versus Markus Granlund in Remparts zone.
17:45 of 3rd period - Cédric Lalonde-McNicoll is hit by Markus Granlund.
18:11 of 3rd period - Jeremy Welsh is hit by Pontus Aberg and loses puck.
18:16 of 3rd period - Backhand shot by Guillaume Desbiens.
18:16 of 3rd period - Deflect By David Schlemko.
18:16 of 3rd period - Stopped by Anders Lindback with a rebound.
18:18 of 3rd period - Wrist shot by Max Reinhart.
18:18 of 3rd period - Shot Blocked by Jeremy Welsh.
Goals for this period are 1 for Carnivores vs 2 for Remparts.
Shots for this period are 10 for Carnivores vs 22 for Remparts.
Back to the Top